Map: Station Proxima EC

Players

Naffy - Winner!

  • Race: Terran Terran
  • League: Grandmaster
  • Spawn Location: 1:00

IZnoGouD

  • Race: Terran Terran
  • League: Master
  • Spawn Location: 7:00

VOD

Have the link to the VOD?

Description

Time

  • Played on: May 21, 2017, 11:51 a.m.
  • Length: 12:17
Show
View Real Time Build Order
Export as new Build Order

Naffy Terran - Winner!

Build Orders: 1/1/1, Cyclone Opening, Mech 

Get SALT Encoding   

  12  0:00  SCV  
  13  0:12  SCV  
  14  0:19  Supply Depot  
  14  0:25  SCV  
  15  0:29  Refinery  
  15  0:40  SCV  
  16  0:45  Barracks  
  16  0:52  SCV  
  17  1:04  SCV  
  18  1:16  SCV  
  19  1:33  Marine, Factory  
  19  1:35  Orbital Command  
  19  1:37  Refinery  
  20  1:46  Supply Depot  
  20  1:55  Marine  
  20  1:57  Bunker  
  20  2:01  SCV  
  22  2:13  SCV, Marine  
  24  2:17  Cyclone  
  27  2:25  Starport  
  27  2:30  SCV  
  27  2:42  SCV  
  28  2:48  Supply Depot  
  28  2:49  Barracks Tech Lab  
  28  2:50  Hellion  
  30  2:59  SCV  
  31  3:11  SCV  
  32  3:13  Supply Depot  
  32  3:20  Cloaking Field  
  32  3:35  SCV, Banshee  
  36  3:44  Command Center  
  36  3:49  SCV  
  36  3:55  Factory Reactor  
  37  4:00  Supply Depot  
  37  4:01  SCV  
  38  4:16  SCV  
  39  4:22  Banshee  
  42  4:43  Cyclone  
  45  4:46  SCV  
  46  4:54  Command Center  
  46  4:55  Cyclone  
  46  4:57  Orbital Command  
  49  5:04  Raven  
  51  5:23  Hellion  
  51  5:24  SCV x2  
  51  5:28  Hellion  
  57  5:36  SCV x2  
  57  5:37  Refinery  
  57  5:38  Supply Depot  
  57  5:39  Refinery  
  59  5:48  SCV x2  
  61  6:00  SCV x2  
  63  6:12  SCV x2  
  65  6:18  Orbital Command  
  65  6:20  Factory  
  65  6:24  Starport Reactor  
  62  6:26  SCV  
  62  6:27  SCV, Armory, Factory  
  62  6:30  Armory  
  64  6:37  Siege Tank  
  64  6:39  SCV x2  
  69  6:56  Orbital Command  
  69  7:00  SCV x2  
  71  7:04  Infernal Pre-Igniter, Hellion x2  
  75  7:12  SCV x2  
  77  7:21  Siege Tank  
  77  7:22  Factory Tech Lab  
  80  7:24  SCV x2  
  80  7:29  SCV  
  83  7:36  SCV  
  84  7:38  SCV  
  84  7:42  Terran Vehicle And Ship Armor Level 1, Terran Vehicle Weapons Level 1  
  85  7:45  Supply Depot x2  
  85  7:49  Supply Depot  
  85  7:50  SCV x2  
  75  8:01  SCV  
  75  8:02  SCV x2  
  78  8:09  Siege Tank, Thor  
  78  8:10  Hellion x2  
  78  8:11  Viking x2  
  94  8:15  SCV x3  
  94  8:18  Supply Depot  
  97  8:29  SCV x3, Factory  
  97  8:30  Factory  
  100  8:38  Refinery  
  100  8:39  Refinery  
  100  8:41  Viking x2  
  104  8:43  Siege Tank  
  104  8:44  Hellion x2  
  104  8:45  SCV x3  
  114  8:53  Engineering Bay  
  114  8:56  Siege Tank  
  114  8:57  SCV x3  
  120  9:05  Hellion x2  
  124  9:13  Viking x2  
  124  9:15  Command Center  
  124  9:16  SCV x3, Supply Depot  
  131  9:18  Supply Depot  
  131  9:30  Command Center  
  131  9:31  Factory Reactor  
  131  9:32  Factory Tech Lab  
  131  9:37  Siege Tank, Thor  
  140  9:40  Supply Depot  
  140  9:41  Supply Depot  
  140  9:43  Terran Vehicle Weapons Level 2  
  140  9:45  Terran Ship Weapons Level 1  
  140  9:54  Viking x2  
  144  10:04  Siege Tank  
  144  10:05  Hellion x2  
  151  10:10  Supply Depot  
  151  10:11  Supply Depot  
  148  10:27  SCV x3  
  148  10:28  SCV  
  146  10:39  SCV x2  
  146  10:40  SCV  
  150  10:48  Planetary Fortress  
  150  10:49  Refinery x2  
  149  10:51  SCV  
  149  10:53  Siege Tank x2  
  149  10:54  Hellbat  
  149  10:55  Viking, Hellbat x3  
  149  10:56  Viking  
  168  11:06  Missile Turret  
  168  11:13  Refinery, Missile Turret  
  168  11:15  Missile Turret  
  168  11:16  Hellbat x3  
  174  11:20  Command Center  
  174  11:24  Refinery  
  174  11:25  Planetary Fortress  
  174  11:27  Missile Turret  
  174  11:35  Viking  
  174  11:36  Viking, Siege Tank  
  187  11:50  Missile Turret  
  187  11:51  Starport  
Show
View Real Time Build Order
Export as new Build Order

IZnoGouD Terran 

Build Orders:  

Get SALT Encoding   

  12  0:00  SCV  
  13  0:13  SCV  
  14  0:20  Supply Depot  
  14  0:25  SCV  
  15  0:32  Refinery  
  15  0:41  SCV  
  16  0:51  Barracks  
  16  0:53  SCV  
  17  1:07  Barracks  
  17  1:11  SCV  
  18  1:29  SCV  
  19  1:38  Barracks Tech Lab  
  19  1:41  Orbital Command  
  19  1:43  Supply Depot  
  19  1:55  Barracks Tech Lab  
  19  1:56  Concussive Shells  
  19  2:03  Refinery  
  19  2:04  Marauder  
  21  2:09  SCV  
  22  2:18  Marauder  
  24  2:26  Marauder  
  26  2:30  Bunker  
  25  2:39  SCV  
  25  2:43  Marauder  
  28  2:49  Factory  
  28  2:51  SCV  
  29  3:03  SCV  
  30  3:22  SCV, Supply Depot  
  31  3:27  Command Center  
  31  3:42  Factory Reactor  
  31  3:43  Starport  
  31  3:47  SCV  
  32  3:52  Supply Depot  
  32  3:58  Marauder  
  32  4:01  SCV  
  35  4:13  SCV  
  35  4:15  Supply Depot  
  36  4:21  Viking  
  38  4:25  Engineering Bay  
  38  4:30  Cyclone  
  37  4:42  Orbital Command  
  37  4:43  SCV  
  36  4:49  Cyclone  
  39  4:55  Starport Tech Lab  
  39  4:58  SCV  
  40  5:10  SCV  
  40  5:13  Missile Turret  
  34  5:24  SCV x2  
  34  5:25  Raven  
  34  5:27  Hellion x2  
  40  5:36  SCV  
  41  5:50  SCV  
  41  5:54  SCV  
  43  6:02  SCV  
  43  6:04  Cyclone x2  
  49  6:07  SCV  
  47  6:14  SCV  
  47  6:19  SCV  
  47  6:25  Raven  
  50  6:26  SCV  
  50  6:32  SCV  
  52  6:38  SCV, Cyclone  
  56  6:44  SCV, Missile Turret  
  57  6:49  Cyclone  
  57  6:50  SCV  
  58  6:57  SCV  
  57  7:02  SCV  
  58  7:09  SCV  
  59  7:17  SCV  
  59  7:21  SCV, Supply Depot  
  61  7:26  Command Center  
  61  7:30  Barracks  
  61  7:32  SCV  
  61  7:33  SCV  
  61  7:36  Refinery  
  59  7:37  Refinery  
  57  7:45  SCV x2  
  57  7:49  Siege Tank  
  62  7:57  SCV  
  49  8:11  Viking x2  
  53  8:14  SCV x2  
  55  8:22  Armory  
  55  8:26  SCV x2  
  57  8:28  Missile Turret  
  57  8:30  Siege Tank  
  60  8:38  SCV x2  
  62  8:41  Orbital Command  
  62  8:50  SCV x2, Viking  
  66  8:57  Factory  
  66  9:02  Barracks Tech Lab, SCV x2  
  68  9:08  Factory  
  68  9:10  SCV  
  68  9:14  SCV x2  
  71  9:21  Supply Depot  
  71  9:22  SCV  
  72  9:25  Siege Tank  
  72  9:26  SCV  
  72  9:27  SCV  
  77  9:34  SCV  
  77  9:35  Viking  
  80  9:39  SCV x2  
  82  9:46  SCV  
  82  9:47  Refinery x2, Terran Vehicle Weapons Level 1  
  82  9:49  Viking  
  82  9:51  SCV x2, Siege Tank  
  90  9:54  Factory Reactor  
  90  9:58  SCV  
  91  10:00  Supply Depot  
  91  10:03  SCV x2  
  93  10:10  SCV, Supply Depot  
  93  10:11  Supply Depot, Siege Tank  
  97  10:15  SCV x2  
  99  10:23  Siege Tank  
  99  10:26  SCV  
  99  10:27  SCV  
  104  10:34  Hellion x2  
  108  10:38  Factory  
  108  10:39  Viking  
  108  10:40  Factory  
  108  10:41  Viking  
  108  10:43  Hellion  
  110  10:57  Siege Tank, Hellion  
  115  11:03  Hellion  
  117  11:05  Siege Tank  
  122  11:18  Hellion  
  122  11:24  Command Center  
  122  11:26  Missile Turret  
  122  11:27  Factory Reactor, Factory Tech Lab  
  122  11:29  Siege Tank  
  125  11:33  Supply Depot  
  125  11:40  Supply Depot  
  125  11:44  Supply Depot, Siege Tank, Hellion x2  
  132  11:55  Command Center  
Tags
 
Add a new tag
Caveats
  • Supply blocks, unpowered buildings, or Contaminate may cause inaccurate times.
  • Supply counts are checked every 10 seconds.